| TOP OF THE 1ST |
|
Vermont Lake Monsters batting - Pitching for Vancouver Canadians : RHP Jorge Guerrero
|
|
Pitching: RHP Jorge Guerrero
|
|
|
Batting: RHB Alberto Malagon
|
0-0: Foul Ball, location: 2F 0-1: Ball 1-1: Ball 2-1: Foul Ball, location: 2F 2-2: Ground out 1-3 (Groundball, 13S, EV 61.9 MPH)
|
|
Batting: RHB Tetsuya Shinoda
|
0-0: Ball 1-0: Ground out 1-3 (Groundball, 13S, EV 63.1 MPH)
|
|
Batting: RHB Ryan Jennings
|
0-0: Called Strike 0-1: Ball 1-1: Ball 2-1: Fly out, F7 (Line Drive, 7S, EV 99.4 MPH)
|
| Top of the 1st over - 0 runs, 0 hits, 0 errors, 0 left on base; Vermont 0 - Vancouver 0 |
| BOTTOM OF THE 1ST |
|
Vancouver Canadians batting - Pitching for Vermont Lake Monsters : RHP Terry Evans
|
|
Pitching: RHP Terry Evans
|
|
|
Batting: RHB Scott Travis
|
0-0: Ball 1-0: Ball 2-0: Swinging Strike 2-1: Ball 3-1: Swinging Strike 3-2: Foul Ball, location: 2F 3-2: Foul Ball, location: 2F 3-2: DOUBLE (Flyball, 8LXD, EV 101.2 MPH)
|
|
Batting: RHB Jorge Cruz
|
0-0: Ball 1-0: Ball 2-0: Called Strike 2-1: Ball 3-1: Base on Balls
|
|
Batting: LHB Tony Vitela
|
0-0: Grounds into double play, 6-4-3 (Groundball, 6, EV 86.9 MPH) Scott Travis to third
|
|
Batting: RHB Terry Plumley
|
0-0: Ball 1-0: Ground out 6-3 (Groundball, 56, EV 90.6 MPH)
|
| Bottom of the 1st over - 0 runs, 1 hit, 0 errors, 1 left on base; Vermont 0 - Vancouver 0 |
| TOP OF THE 2ND |
|
Vermont Lake Monsters batting - Pitching for Vancouver Canadians : RHP Jorge Guerrero
|
|
Batting: RHB Edgardo Rivera
|
0-0: Called Strike 0-1: Ball 1-1: Ball 2-1: Ground out 5-3 (Groundball, 56S, EV 72.5 MPH)
|
|
Batting: RHB Jon Coleman
|
0-0: Ball 1-0: Fly out, F7 (Flyball, 7S, EV 92.5 MPH)
|
|
Batting: SHB Matt Sybrant
|
0-0: Swinging Strike 0-1: Ball 1-1: Called Strike 1-2: Strikes out swinging
|
| Top of the 2nd over - 0 runs, 0 hits, 0 errors, 0 left on base; Vermont 0 - Vancouver 0 |
| BOTTOM OF THE 2ND |
|
Vancouver Canadians batting - Pitching for Vermont Lake Monsters : RHP Terry Evans
|
|
Batting: RHB Akira Kubo
|
0-0: Ball 1-0: Ball 2-0: Foul Ball, location: 2F 2-1: SINGLE (Groundball, 6MD, EV 100.0 MPH)
|
|
Batting: RHB John Rios
|
0-0: Called Strike 0-1: Ball 1-1: Foul Ball, location: 2F 1-2: Ball 2-2: Ball 3-2: Base on Balls Akira Kubo to second
|
|
Batting: RHB Jose Ontiveros
|
0-0: Ball 1-0: Foul Ball, location: 2F 1-1: Swinging Strike 1-2: Ball 2-2: SINGLE (Groundball, 56D, EV 103.8 MPH) Akira Kubo to third John Rios to second
|
|
Batting: RHB Dan Hilyer
|
0-0: Foul Ball, location: 2F 0-1: Foul Ball, location: 2F 0-2: Ball 1-2: Foul Ball, location: 2F 1-2: Strikes out looking
|
|
Batting: RHB Luis Reyes
|
0-0: Ball 1-0: Hit by Pitch Akira Kubo scores John Rios to third Jose Ontiveros to second
|
|
Batting: RHB Scott Travis
|
0-0: Swinging Strike 0-1: Fly out, F8 (Line Drive, 8LM, EV 103.8 MPH)
|
|
Batting: RHB Jorge Cruz
|
0-0: Ground out 4-3 (Groundball, 4, EV 112.5 MPH)
|
| Bottom of the 2nd over - 1 run, 2 hits, 0 errors, 3 left on base; Vermont 0 - Vancouver 1 |
| TOP OF THE 3RD |
|
Vermont Lake Monsters batting - Pitching for Vancouver Canadians : RHP Jorge Guerrero
|
|
Batting: SHB Berthold Frey
|
0-0: SINGLE (Groundball, 34D, EV 107.5 MPH) (infield hit)
|
|
Batting: SHB Steve Salafia
|
0-0: Ball Berthold Frey steals 2nd base 1-0: Called Strike 1-1: Ball 2-1: Ball 3-1: Called Strike 3-2: Base on Balls
|
|
Batting: SHB Mike Kirk
|
0-0: Called Strike Steve Salafia steals 2nd base Berthold Frey steals 3rd base 0-1: Fly out, F9 (Flyball, 9D, EV 95.6 MPH) Runner from 3rd tags up, SCORES, no throw by RF
|
|
Batting: RHB Alberto Malagon
|
0-0: Swinging Strike 0-1: Called Strike 0-2: Strikes out swinging
|
|
Batting: RHB Tetsuya Shinoda
|
0-0: Ground out U3 (Groundball, 34, EV 81.2 MPH)
|
| Top of the 3rd over - 1 run, 1 hit, 0 errors, 1 left on base; Vermont 1 - Vancouver 1 |
| BOTTOM OF THE 3RD |
|
Vancouver Canadians batting - Pitching for Vermont Lake Monsters : RHP Terry Evans
|
|
Batting: LHB Tony Vitela
|
0-0: Ball 1-0: Ball 2-0: Swinging Strike 2-1: Ball 3-1: Base on Balls
|
|
Batting: RHB Terry Plumley
|
0-0: Called Strike Tony Vitela steals 2nd base 0-1: Ground out 5-3 (Groundball, 56S, EV 81.9 MPH)
|
|
Batting: RHB Akira Kubo
|
0-0: Called Strike Tony Vitela is caught stealing 3rd base 2-5 0-1: Ball 1-1: Ground out 6-3 (Groundball, 6S, EV 83.1 MPH)
|
| Bottom of the 3rd over - 0 runs, 0 hits, 0 errors, 0 left on base; Vermont 1 - Vancouver 1 |
| TOP OF THE 4TH |
|
Vermont Lake Monsters batting - Pitching for Vancouver Canadians : RHP Jorge Guerrero
|
|
Batting: RHB Ryan Jennings
|
0-0: SINGLE (Groundball, 6MD, EV 98.8 MPH)
|
|
Batting: RHB Edgardo Rivera
|
0-0: Fielders Choice at 2nd, 4-6 (Groundball, 4, EV 101.2 MPH)
|
|
Batting: RHB Jon Coleman
|
0-0: Called Strike 0-1: Foul Ball, location: 2F 0-2: Ball 1-2: Ball 2-2: Foul Ball, location: 2F 2-2: DOUBLE (Flyball, 78XD, EV 101.2 MPH) Edgardo Rivera to third Runner from 3rd tries for Home, throw by CF and OUT! 8-6-2 Jon Coleman to third
|
|
Batting: SHB Matt Sybrant
|
0-0: Ball 1-0: Ball 2-0: Foul Ball, location: 2F 2-1: Ball 3-1: Ground out 6-3 (Groundball, 6, EV 95.0 MPH)
|
| Top of the 4th over - 0 runs, 2 hits, 0 errors, 1 left on base; Vermont 1 - Vancouver 1 |
| BOTTOM OF THE 4TH |
|
Vancouver Canadians batting - Pitching for Vermont Lake Monsters : RHP Terry Evans
|
|
Batting: RHB John Rios
|
0-0: Ball 1-0: Ball 2-0: Foul Ball, location: 2F 2-1: Foul Ball, location: 2F 2-2: Ball 3-2: Foul Ball, location: 2F 3-2: Reached on error, E6 (Groundball, 6, EV 107.5 MPH)
|
|
Batting: RHB Jose Ontiveros
|
0-0: Ball 1-0: Foul Ball, location: 2F 1-1: Ball 2-1: Swinging Strike 2-2: Ball 3-2: Fielders Choice at 2nd, 6-4 (Groundball, 6, EV 83.1 MPH)
|
|
Batting: RHB Dan Hilyer
|
0-0: Ball 1-0: Called Strike 1-1: Called Strike 1-2: Grounds into double play, 6-4-3 (Groundball, 6M, EV 82.5 MPH)
|
| Bottom of the 4th over - 0 runs, 0 hits, 1 error, 0 left on base; Vermont 1 - Vancouver 1 |
| TOP OF THE 5TH |
|
Vermont Lake Monsters batting - Pitching for Vancouver Canadians : RHP Jorge Guerrero
|
|
Batting: SHB Berthold Frey
|
0-0: Ball 1-0: Foul Ball, location: 2F 1-1: Foul Ball, location: 2F 1-2: Foul Ball, location: 2F 1-2: Strikes out swinging
|
|
Batting: SHB Steve Salafia
|
0-0: Called Strike 0-1: Ball 1-1: Swinging Strike 1-2: Strikes out swinging
|
|
Batting: SHB Mike Kirk
|
0-0: Ball 1-0: Swinging Strike 1-1: SINGLE (Groundball, 25, EV 66.2 MPH) (infield hit)
|
|
Batting: RHB Alberto Malagon
|
0-0: Called Strike 0-1: Swinging Strike 0-2: Ball 1-2: Strikes out swinging
|
| Top of the 5th over - 0 runs, 1 hit, 0 errors, 1 left on base; Vermont 1 - Vancouver 1 |
| BOTTOM OF THE 5TH |
|
Vancouver Canadians batting - Pitching for Vermont Lake Monsters : RHP Terry Evans
|
|
Batting: RHB Luis Reyes
|
0-0: Called Strike 0-1: Ball 1-1: Ground out 2-3 (Groundball, 2R, EV 71.9 MPH)
|
|
Batting: RHB Scott Travis
|
0-0: Ball 1-0: Ball 2-0: Bunt missed! 2-1: Ball 3-1: Swinging Strike 3-2: Base on Balls
|
|
Batting: RHB Jorge Cruz
|
0-0: Called Strike Scott Travis steals 2nd base 0-1: Ball 1-1: Reached on error, E5 (Groundball, 56, EV 80.6 MPH) Scott Travis to third
|
|
Batting: LHB Tony Vitela
|
0-0: Ball Jorge Cruz steals 2nd, throwing error, E2 Scott Travis scores Jorge Cruz to third 1-0: TRIPLE (Flyball, 89XD, EV 100.0 MPH) Jorge Cruz scores
|
|
Batting: RHB Terry Plumley
|
0-0: Ground out 6-3 (Groundball, 6, EV 108.8 MPH) Tony Vitela scores
|
|
Batting: RHB Akira Kubo
|
0-0: Called Strike 0-1: Ground out 6-3 (Groundball, 6, EV 86.2 MPH)
|
| Bottom of the 5th over - 3 runs, 1 hit, 2 errors, 0 left on base; Vermont 1 - Vancouver 4 |
| TOP OF THE 6TH |
|
Vermont Lake Monsters batting - Pitching for Vancouver Canadians : RHP Jorge Guerrero
|
|
Batting: RHB Tetsuya Shinoda
|
0-0: Ball 1-0: SINGLE (Groundball, 34D, EV 108.1 MPH)
|
|
Batting: RHB Ryan Jennings
|
0-0: Swinging Strike 0-1: Ball 1-1: Called Strike 1-2: Strikes out swinging
|
|
Batting: RHB Edgardo Rivera
|
0-0: Called Strike 0-1: Ball 1-1: Ball 2-1: Fielders Choice at 2nd, 1-4 (Groundball, 15S, EV 68.8 MPH)
|
|
Batting: RHB Jon Coleman
|
0-0: Called Strike 0-1: Ground out 4-3 (Groundball, 4MD, EV 101.9 MPH)
|
| Top of the 6th over - 0 runs, 1 hit, 0 errors, 1 left on base; Vermont 1 - Vancouver 4 |
| BOTTOM OF THE 6TH |
|
Vancouver Canadians batting - Pitching for Vermont Lake Monsters : RHP Terry Evans
|
|
Batting: RHB John Rios
|
0-0: Foul Ball, location: 2F 0-1: Ball 1-1: Ball 2-1: Ball 3-1: Base on Balls
|
|
Pitching: RHP Nasser bin Ata
|
|
|
Batting: RHB Jose Ontiveros
|
0-0: Swinging Strike 0-1: Called Strike 0-2: Ball 1-2: Ball 2-2: SINGLE (Groundball, 56S, EV 68.8 MPH) (infield hit) John Rios to second
|
|
Batting: RHB Dan Hilyer
|
0-0: Ball 1-0: Swinging Strike 1-1: Ball 2-1: Foul Ball, location: 2F 2-2: Foul Ball, location: 2F 2-2: Ball 3-2: Grounds into double play, 4-6-3 (Groundball, 4, EV 100.0 MPH) John Rios to third
|
|
Pinch Hitting: LHB Chris Munguia
|
0-0: Intentional Walk
|
|
Batting: RHB Scott Travis
|
0-0: Foul Ball, location: 2F 0-1: Called Strike Chris Munguia steals 2nd base 0-2: Ball 1-2: Foul Ball, location: 2F 1-2: Strikes out swinging
|
| Bottom of the 6th over - 0 runs, 1 hit, 0 errors, 2 left on base; Vermont 1 - Vancouver 4 |
| TOP OF THE 7TH |
|
Vermont Lake Monsters batting - Pitching for Vancouver Canadians : RHP Jorge Guerrero
|
|
Now at 3B: Jamie Ogilvie
|
|
|
Batting: SHB Matt Sybrant
|
0-0: Ball 1-0: Ball 2-0: Ground out 4-3 (Groundball, 4, EV 88.8 MPH)
|
|
Batting: SHB Berthold Frey
|
0-0: Ball 1-0: SINGLE (Line Drive, 9S, EV 98.8 MPH)
|
|
Batting: SHB Steve Salafia
|
0-0: Ball Berthold Frey is caught stealing 2nd base 2-6 1-0: DOUBLE (Line Drive, 8RD, EV 103.8 MPH)
|
|
Batting: SHB Mike Kirk
|
0-0: Ground out U3 (Groundball, 34, EV 101.9 MPH)
|
| Top of the 7th over - 0 runs, 2 hits, 0 errors, 1 left on base; Vermont 1 - Vancouver 4 |
| BOTTOM OF THE 7TH |
|
Vancouver Canadians batting - Pitching for Vermont Lake Monsters : RHP Nasser bin Ata
|
|
Batting: RHB Jorge Cruz
|
0-0: Foul Ball, location: 2F 0-1: Foul Ball, location: 2F 0-2: Ball 1-2: Strikes out swinging
|
|
Batting: LHB Tony Vitela
|
0-0: Called Strike 0-1: Ball 1-1: Swinging Strike 1-2: Strikes out swinging
|
|
Batting: RHB Terry Plumley
|
0-0: Ball 1-0: Ball 2-0: Swinging Strike 2-1: SINGLE (Groundball, 4D, EV 110.6 MPH)
|
|
Pitching: RHP Dave Magana
|
|
|
Batting: RHB Akira Kubo
|
0-0: Ball 1-0: Foul Ball, location: 2F 1-1: Ball 2-1: SINGLE (Line Drive, 7S, EV 112.5 MPH) Terry Plumley to second
|
|
Batting: RHB John Rios
|
0-0: Ball 1-0: SINGLE (Line Drive, 34D, EV 94.4 MPH) Terry Plumley to third Akira Kubo to second Runner from 3rd tries for Home, SAFE, throw by RF to home
|
|
Batting: RHB Jose Ontiveros
|
0-0: Ball 1-0: Ball 2-0: Ball 3-0: Called Strike 3-1: Base on Balls Akira Kubo to third John Rios to second
|
|
Batting: RHB Dan Hilyer
|
0-0: Foul Ball, location: 2F 0-1: Fielders Choice at 2nd, 6-4 (Groundball, 6, EV 85.6 MPH)
|
| Bottom of the 7th over - 1 run, 3 hits, 0 errors, 3 left on base; Vermont 1 - Vancouver 5 |
| TOP OF THE 8TH |
|
Vermont Lake Monsters batting - Pitching for Vancouver Canadians : RHP Jorge Guerrero
|
|
Now at 1B: Rodrigo Briceno
|
|
|
Now at 3B: Selam Chimsima
|
|
|
Now at SS: Jamie Ogilvie
|
|
|
Pinch Hitting: LHB Brian Puccio
|
0-0: Called Strike 0-1: Foul Ball, location: 2F 0-2: Strikes out swinging
|
|
Batting: RHB Tetsuya Shinoda
|
0-0: Ground out 6-3 (Groundball, 6, EV 109.4 MPH)
|
|
Batting: RHB Ryan Jennings
|
0-0: Called Strike 0-1: Swinging Strike 0-2: Strikes out swinging
|
| Top of the 8th over - 0 runs, 0 hits, 0 errors, 0 left on base; Vermont 1 - Vancouver 5 |
| BOTTOM OF THE 8TH |
|
Vancouver Canadians batting - Pitching for Vermont Lake Monsters : RHP Dave Magana
|
|
Now at 3B: Scott Lister
|
|
|
Batting: RHB Jamie Ogilvie
|
0-0: Ball 1-0: Ball 2-0: Ground out 6-3 (Groundball, 56, EV 106.9 MPH)
|
|
Batting: RHB Scott Travis
|
0-0: Foul Ball, location: 2F 0-1: Foul Ball, location: 2F 0-2: Ball 1-2: TRIPLE (Flyball, 89XD, EV 100.0 MPH)
|
|
Batting: RHB Jorge Cruz
|
0-0: Swinging Strike 0-1: Ball 1-1: Called Strike 1-2: SINGLE (Groundball, 56S, EV 69.4 MPH) (infield hit) Scott Travis scores
|
|
Batting: LHB Tony Vitela
|
0-0: Called Strike 0-1: Foul Ball, location: 2F 0-2: Ball 1-2: Fielders Choice at 2nd, 3-6 (Groundball, 3, EV 83.1 MPH)
|
|
Batting: LHB Rodrigo Briceno
|
0-0: Called Strike Tony Vitela steals 2nd base 0-1: Called Strike 0-2: Strikes out swinging
|
| Bottom of the 8th over - 1 run, 2 hits, 0 errors, 1 left on base; Vermont 1 - Vancouver 6 |
| TOP OF THE 9TH |
|
Vermont Lake Monsters batting - Pitching for Vancouver Canadians : RHP Jorge Guerrero
|
|
Now at 2B: Jamie Ogilvie
|
|
|
Now at SS: Jose Garza
|
|
|
Batting: RHB Edgardo Rivera
|
0-0: Ball 1-0: Ball 2-0: Ball 3-0: Called Strike 3-1: Foul Ball, location: 2F 3-2: Base on Balls
|
|
Batting: RHB Jon Coleman
|
0-0: Fielders Choice at 2nd, 2-4 (Groundball, 15S, EV 69.4 MPH)
|
|
Batting: SHB Matt Sybrant
|
0-0: Called Strike 0-1: Ball 1-1: Foul Ball, location: 2F 1-2: Ball 2-2: Grounds into double play, U3-6 (Groundball, 3L, EV 104.4 MPH)
|
| Top of the 9th over - 0 runs, 0 hits, 0 errors, 0 left on base; Vermont 1 - Vancouver 6 |
|